 Dungeon Crawl Stone Soup version 0.20-a0-537-g052e6ba (webtiles) character file.

210 PrrrPrrrPrrr the Digger (level 5, -1/28 HPs)
             Began as a Gargoyle Earth Elementalist on Jan 28, 2017.
             Slain by a two-headed ogre
             ... wielding a +0 giant club
              (5 damage)
             ... on level 3 of the Dungeon.
             The game lasted 00:10:06 (2776 turns).

PrrrPrrrPrrr the Digger (GrEE)                      Turns: 2776, Time: 00:10:08

Health: -1/28      AC:  8    Str: 11    XL:     5   Next: 87%
Magic:  2/11       EV: 14    Int: 17    God:
Gold:   150        SH:  0    Dex: 10    Spells: 3/12 levels left

rFire    . . .     SeeInvis .   k - +3 short sword (elec)
rCold    . . .     Gourm    .   c - +0 robe
rNeg     + . .     Faith    .   (no shield)
rPois    ∞         Spirit   .   (no helmet)
rElec    +         Reflect  .   o - +1 cloak
rCorr    .         Harm     .   (no gloves)
MR       .....                  (no boots)
Stlth    ++........             (no amulet)
Regen    0.1/turn               (no ring)
                                l - +2 ring of evasion

@: very slightly contaminated
A: negative energy resistance 1, electricity resistance, unbreathing,
petrification resistance, rot immunity, AC +4
a: no special abilities


You were on level 3 of the Dungeon.
You were not hungry.

You visited 1 branch of the dungeon, and saw 3 of its levels.

You collected 150 gold pieces.

Inventory:

Hand Weapons
 j - a +3 mace
 k - a +3 short sword of electrocution (weapon)
Missiles
 b - 61 stones (quivered)
 g - 6 javelins
Armour
 c - a +0 robe (worn)
 o - a +1 cloak (worn)
Jewellery
 f - an uncursed ring of fire
 l - a +2 ring of evasion (left hand)
Scrolls
 m - a scroll of magic mapping
 p - a scroll of teleportation
 x - a scroll of remove curse
Potions
 h - a potion of resistance
 i - 2 potions of curing
 q - a potion of magic
 r - a potion of berserk rage {unknown}
 v - 2 potions of ambrosia {unknown}
 w - 2 potions of brilliance
 z - a potion of might {unknown}
Books
 e - a book of Geomancy

   Spells                             Type                      Level
   a - Sandblast                      Earth                        1
   b - Passwall                       Transmutation/Earth          2
   c - Stone Arrow                    Conjuration/Earth            3
   d - Petrify                        Transmutation/Earth          4
   e - Lee's Rapid Deconstruction     Earth                        5
Comestibles
 a - a chunk of flesh
 d - 2 bread rations
 n - 2 royal jellies


   Skills:
 - Level 1.5 Dodging
 - Level 2.1 Stealth
 * Level 4.1 Spellcasting
 + Level 2.6 Conjurations
   Level 0.7 Transmutations
 + Level 4.8 Earth Magic


You had 3 spell levels left.
You knew the following spells:

 Your Spells              Type           Power        Failure   Level  Hunger
a - Sandblast             Erth           ###...       2%          1    None
b - Stone Arrow           Conj/Erth      ###...       12%         3    ###....
c - Lee's Rapid Deconstr  Erth           ###.......   71%         5    ######.


Dungeon Overview and Level Annotations

Branches:
Dungeon (3/15)

Altars:
Elyvilon


Innate Abilities, Weirdness & Mutations

You are resistant to torment.
Your stone body is resilient. (AC +4)
You are immune to poison.
You resist negative energy. (rN+)
You are resistant to electric shocks. (rElec)
You can survive without breathing.
You are immune to petrification.
You are immune to rotting.


Message History

Casting: Sandblast
Confirm with . or Enter, or press ? or * to list all spells.
Aiming: Sandblast
Press: ? - help, Shift-Dir - straight line, f/p - two-headed ogre
Aim: a two-headed ogre, wielding a giant club and a giant spiked club (heavily wounded)
The blast of sand hits the two-headed ogre.
The two-headed ogre is severely wounded.
b - 62 stones
Casting: Sandblast
Confirm with . or Enter, or press ? or * to list all spells.
Aiming: Sandblast
Press: ? - help, Shift-Dir - straight line, f/p - two-headed ogre
Aim: a two-headed ogre, wielding a giant club and a giant spiked club (severely wounded)
The blast of sand hits the two-headed ogre.
The two-headed ogre is severely wounded.
b - 61 stones The two-headed ogre hits you with a giant club!
* * * LOW HITPOINT WARNING * * *
The two-headed ogre hits you with a giant spiked club.
You die...

################ ###
#....<.........# #..
#.############.# #.#
#.# #.# #.# #.#
#.###.# #.# #......
###.###### #.###.#
#....@O..# #.# ###
#.#.####.# ####.##***
#.#.# **,** #.....#*≈≈
#,#.#**,,,**#.#...###≈
*,#.#,,,,,.....##...#*
*,#.#,*,,,###.#*###.#≈
*,#.#,**,**#..* #.##
*,..*,*#,* #..#* ##.≈≈
*,***,*#>* #.#.###..≈≈


You could see a two-headed ogre.

Vanquished Creatures
  2 jellies (D:1)
  A worker ant zombie (D:3)
  4 adders
  3 oozes (D:1)
  An adder skeleton (D:3)
  An adder zombie (D:3)
  3 worms (D:2)
  2 dart slugs
  A leopard gecko (D:2)
  An orc (D:3)
  11 bats
  4 giant cockroaches
  12 hobgoblins
  4 jackals (D:1)
  2 quokkas
  8 goblins
  5 kobolds
  9 rats
74 creatures vanquished.

Notes
Turn   | Place    | Note
-------+----------+-------------------------------------------
     0 | D:1      | PrrrPrrrPrrr the Gargoyle Earth Elementalist began the quest for the Orb.
     0 | D:1      | Reached XP level 1. HP: 10/10 MP: 3/3
     0 | D:1      | Noticed a jelly
     1 | D:1      | Found a runed door.
     2 | D:1      | Noticed a jelly
   150 | D:1      | Reached XP level 2. HP: 15/15 MP: 3/5
   729 | D:2      | Reached XP level 3. HP: 19/19 MP: 7/7
   734 | D:2      | Learned a level 3 spell: Stone Arrow
  1189 | D:2      | Reached XP level 4. HP: 18/24 MP: 8/8
  1281 | D:2      | Found a white marble altar of Elyvilon.
  1666 | D:2      | Reached skill level 1 in Conjurations
  2100 | D:1      | Reached XP level 5. HP: 13/28 MP: 6/10
  2291 | D:1      | Learned a level 5 spell: Lee's Rapid Deconstruction
  2769 | D:3      | Noticed a two-headed ogre
  2776 | D:3      | Slain by a two-headed ogre

Vault maps used:
D:1:      dpeg_arrival_caged_fury
D:2:      elyvilon_altar_1
D:3:      serial_undead, serial_undead_b, serial_undead_b, serial_undead_c,
          serial_undead_a, chequers_big_river

Skill      XL: |  1  2  3  4  5 |
---------------+----------------+-----
Earth Magic    | 4 |  4.8
Spellcasting   | 3 4 |  4.1
Conjurations   | 1 2 |  2.6
Dodging        | |  1.5
Stealth        | |  2.1
Transmutations | |  0.7

Action                   |  1- 3 |  4- 6 || total
-------------------------+-------+-------++-------
Melee: Unarmed           |     1 |       ||     1
       Short sword       |    64 |   125 ||   189
       Mace              |     2 |       ||     2
 Cast: Sandblast         |     7 |    11 ||    18
  Use: Scroll            |       |    15 ||    15
 Stab: Sleeping          |     2 |     2 ||     4
       Distracted        |       |     1 ||     1
  Eat: Chunk             |     1 |     5 ||     6
Armor: Robe              |    20 |    42 ||    62
Dodge: Dodged            |    44 |    93 ||   137
